 Dungeon Crawl Stone Soup version 0.31-a0-920-g28cbb04a8c (webtiles) character file.

Game seed: 2938645344328630993

12145 Pooter the Cleaver (level 11, -1/101 HPs)
             Began as a Minotaur Berserker on Oct 17, 2023.
             Was an Elder of Trog.
             Killed from afar by a gargoyle (7 damage)
             ... with a stone arrow
             ... on level 10 of the Dungeon.
             The game lasted 00:47:19 (10102 turns).

Pooter the Cleaver (Minotaur Berserker)            Turns: 10102, Time: 00:47:19

Health: -1/101     AC: 14    Str: 23    XL:     11   Next: 58%
Magic:  0/10       EV: 12    Int:  8    God:    Trog [****..]
Gold:   697        SH:  8    Dex:  9    Spells: 10/10 levels left

rFire   + . .        a - +0 battleaxe
rCold   + . .        (shield currently unavailable)
rNeg    . . .        x - +0 plate armour
rPois   .            (helmet restricted)
rElec   .            D - scarf {rC+ rF+}
rCorr   .            G - +0 pair of gloves
SInv    .            m - +1 pair of boots "Herra" {Rampage Int+2 Dex-2 Slay+5}
Will    +....        J - brooch of Shielding {Spirit SH+8} Stlth
                     c - ring "Iwiuda" {Fly Will+}
HPRegen 0.36/turn    k - +5 ring of evasion
MPRegen 0.12/turn

%: guardian spirit, rampage
@: on berserk cooldown, flying, slowed, very slow
A: horns 2, retaliatory headbutt
a: Renounce Religion, Berserk, Trog's Hand, Brothers in Arms


You were on level 10 of the Dungeon.
You worshipped Trog.
Trog was greatly pleased with you.
You visited 1 branch of the dungeon, and saw 11 of its levels.

You collected 697 gold pieces.

Inventory:

Hand Weapons
 a - a +0 battleaxe (weapon)
   (You took it off a wight on level 9 of the Dungeon)
 b - a +0 orcbow
   (You took it off a centaur on level 5 of the Dungeon)
 i - a +0 broad axe
   (You found it on level 10 of the Dungeon)
 n - a +0 trident
   (You found it on level 2 of the Dungeon)
 E - a +2 sling of electrocution
   (You found it on level 1 of the Dungeon)
 L - a +4 war axe
   (You took it off a wight on level 9 of the Dungeon)
 P - a +2 scimitar of flaming
   (You took it off Erica on level 11 of the Dungeon)
Missiles
 e - 11 poisoned darts
 s - 11 boomerangs (quivered)
 u - a curare-tipped dart
 v - 5 javelins
 Q - 86 stones
Armour
 m - the +1 pair of boots "Herra" (worn) {Rampage Int+2 Dex-2 Slay+5}
   (You acquired it on level 5 of the Dungeon)

   Int+2:     It affects your intelligence (+2).
   Dex-2:     It affects your dexterity (-2).
   Slay+5:    It affects your accuracy & damage with ranged weapons and melee
   (+5).
   Rampage:   It bestows one free step when moving towards enemies.
 x - a +0 plate armour (worn)
   (You took it off an orc warrior on level 11 of the Dungeon)
 D - a scarf of resistance (worn)
   (You found it on level 5 of the Dungeon)
 G - a +0 pair of gloves (worn)
   (You found it on level 6 of the Dungeon)
Jewellery
 c - the ring "Iwiuda" (left hand) {Fly Will+}
   (You acquired it on level 5 of the Dungeon)

   [ring of flight]

   Will+:     It increases your willpower.
   Fly:       It grants you flight.
 k - a +5 ring of evasion (right hand)
   (You found it on level 9 of the Dungeon)
 y - the amulet of Jihy {rElec rC+ Regen+ Int-4}
   (You acquired it on level 5 of the Dungeon)

   [amulet of regeneration]

   Int-4:     It affects your intelligence (-4).
   rC+:       It protects you from cold.
   rElec:     It insulates you from electricity.
   Regen+:    It increases your rate of health regeneration.
 C - a ring of resist corrosion
   (You found it on level 9 of the Dungeon)
 F - a ring of protection from fire
   (You found it on level 6 of the Dungeon)
 J - the brooch of Shielding (around neck) {Spirit SH+8}
   (You found it on level 7 of the Dungeon)

   [amulet of guardian spirit]

   Spirit:    It causes incoming damage to be divided between your reserves of
   health and magic.
   SH+8:      It affects your SH (+8).
 O - a ring of fire
   (You found it on level 11 of the Dungeon)
 S - a ring of see invisible
   (You found it on level 8 of the Dungeon)
Wands
 d - a wand of charming (12)
   (You found it on level 3 of the Dungeon)
 f - a wand of flame (20)
   (You found it on level 4 of the Dungeon)
 z - a wand of polymorph (22)
   (You found it on level 5 of the Dungeon)
Scrolls
 h - a scroll of fear
 p - a scroll of blinking
 t - 4 scrolls of teleportation {@r4}
 w - a scroll of noise {!r}
 A - a scroll of fog
 H - a scroll of enchant armour
Potions
 g - a potion of resistance {unknown}
 j - 3 potions of enlightenment
 l - a potion of haste {unknown}
 o - 4 potions of curing {unknown}
 q - 2 potions of lignification {unknown}
 r - 4 potions of heal wounds {@q2}
 B - 2 potions of ambrosia
 I - 2 potions of cancellation {unknown}
 K - 2 potions of berserk rage {unknown}
 M - 2 potions of might {unknown}
 N - a potion of magic {unknown}


   Skills:
 + Level 10.6 Fighting
 * Level 14.3 Axes
 * Level 12.8 Ranged Weapons
 - Level 2.4 Armour
 - Level 2.1 Dodging


You had 10 spell levels left.
You didn't know any spells.
Your spell library was empty.

Dungeon Overview and Level Annotations

Branches:
Dungeon (11/15) Zot: 26553  Temple (0/1) D:4            Lair (0/5) D:11
    Orc: D:9-12

Altars:
Ashenzari
Cheibriados
Hepliaklqana
Okawaru
Ru
Uskayaw


Innate Abilities, Weirdness & Mutations

You have a pair of horns on your head.
You reflexively headbutt those who attack you in melee.


Message History

The troll closely misses you.
The gargoyle hurls a stone arrow at you.
The stone arrow misses you. The troll attacks as it pursues you!
You block the troll's attack. The troll claws you.
* * * LOW HITPOINT WARNING * * *
The troll claws you but does no damage.
There is a stone staircase leading up here.
You feel your anger nearly subside.
You fly upwards.
You are no longer berserk.
You are exhausted.
You feel yourself slow down.
There is a stone staircase leading down here.
You slash the troll! You hit the gargoyle.
The gargoyle hurls a stone arrow at you.
The stone arrow hits you!!
* * * LOW MAGIC WARNING * * *
* * * LOW HITPOINT WARNING * * *
The troll bites you but does no damage. You block the troll's attack.
The troll claws you.
* * * LOW MAGIC WARNING * * *
* * * LOW HITPOINT WARNING * * *
The gargoyle hurls a stone arrow at you.
The stone arrow misses you. You block the troll's attack. The troll claws you.
* * * LOW HITPOINT WARNING * * *
The troll barely misses you.
You hit the troll. You headbutt the troll!
You hit the gargoyle but do no damage. The gargoyle hits you with a +0 mace.
* * * LOW HITPOINT WARNING * * *
The troll bites you!
* * * LOW MAGIC WARNING * * *
* * * LOW HITPOINT WARNING * * *
You block the troll's attack. The troll claws you but does no damage.
You hit the troll. You slash the gargoyle! The gargoyle misses you.
The troll bites you but does no damage. You block the troll's attack.
The troll claws you!
* * * LOW MAGIC WARNING * * *
* * * LOW HITPOINT WARNING * * *
The gargoyle closely misses you. You furiously retaliate!
You headbutt the gargoyle. The troll bites you but does no damage.
The troll claws you but does no damage. The troll barely misses you.
Unknown command.
You slice the troll!!
You kill the troll!
Trog accepts your kill.
You hit the gargoyle.
The gargoyle hurls a stone arrow at you.
The stone arrow hits you!
* * * LOW MAGIC WARNING * * *
You die...

######'## #.####### #....#
#.......# #)#### #.#####.# ##|#
#.......# #..# #.####..#
#####'### ##### ###....#..#
#.......######...# #...##.#..#
##.......#....'...###....#.#..#
.'.......'.####9@......_......#
##.......### #....#.#....#####
#.......# #....#.##...#
######### #....#....###
#....####.# ##.#......#
#........# ##########


You could see a gargoyle.

Vanquished Creatures
  Erica (D:11)
  A fire crab (shapeshifter) (D:11)
  Pikel (D:9)
  A deep elf pyromancer (D:9)
  2 manticores (D:11)
  2 gargoyles
  A freezing wraith (D:9)
  3 kobold demonologists (D:11)
  4 trolls
  A shadow (D:11)
  A vampire (D:9)
  2 wyverns
  6 wraiths
  5 yaks (D:5)
  A steam dragon (D:7)
  4 vampire mosquitoes (D:9)
  An acid dragon (D:11)
  A water moccasin (D:6)
  4 orc warriors
  2 ice beasts
  3 black bears
  2 ogres (D:5)
  5 centaurs
  4 lemures (D:8)
  2 kobold brigands
  3 gnoll sergeants
  7 scorpions
  A bullfrog (D:8)
  8 wights (D:9)
  9 killer bees
  4 howler monkeys
  3 gnoll boudas
  2 jellies
  3 orc priests
  A sleepcap (D:7)
  3 iguanas
  7 orc wizards
  34 gnolls
  2 adders
  A shadow imp (D:4)
  A white imp (D:6)
  4 ufetubi
  A worm (D:5)
  19 orcs
  6 bats
  4 endoplasms
  2 giant cockroaches
  6 hobgoblins
  3 jackals (D:1)
  4 quokkas
  8 ball pythons
  3 frilled lizards (D:1)
  7 goblins
  13 kobolds
  2 rats (D:3)
231 creatures vanquished.

Notes
Turn   | Place    | Note
-------+----------+-------------------------------------------
     0 | D:1      | Pooter the Minotaur Berserker began the quest for the Orb.
     0 | D:1      | Reached XP level 1. HP: 19/19 MP: 0/0
   559 | D:1      | Reached skill level 1 in Ranged Weapons
   561 | D:1      | Reached XP level 2. HP: 18/27 MP: 1/1
   801 | D:1      | Reached skill level 4 in Axes
  1379 | D:2      | Reached XP level 3. HP: 33/33 MP: 2/2
  1436 | D:2      | Reached ** piety under Trog
  2523 | D:3      | Found a broken altar of Ashenzari.
  2973 | D:4      | Found a staircase to the Ecumenical Temple.
  2981 | D:4      | Reached XP level 4. HP: 40/40 MP: 3/3
  3047 | D:4      | Found an iron altar of Okawaru.
  3079 | D:4      | Noticed a scorpion
  3084 | D:4      | Killed a scorpion
  3085 | D:4      | Reached skill level 5 in Axes
  3085 | D:4      | Reached XP level 5. HP: 47/47 MP: 4/4
  3502 | D:4      | Reached XP level 6. HP: 52/55 MP: 5/5
  3574 | D:4      | Reached skill level 6 in Axes
  3579 | D:4      | Reached skill level 5 in Fighting
  3933 | D:5      | Entered Level 5 of the Dungeon
  4104 | D:5      | Identified 3 scrolls of acquirement
  4104 | D:5      | Acquired the ring "Iwiuda" {Fly Will+}
  4107 | D:5      | Acquired the amulet of Jihy {rElec rC+ Regen+ Int-4}
  4109 | D:5      | Acquired the +1 pair of boots "Herra" {Rampage Int+2 Dex-2
                  | Slay+5}
  4186 | D:5      | Reached skill level 5 in Ranged Weapons
  4186 | D:5      | Reached XP level 7. HP: 60/61 MP: 6/6
  4237 | D:5      | Noticed a yak
  4239 | D:5      | Noticed a yak
  4239 | D:5      | Noticed a yak
  4244 | D:5      | Noticed a yak
  4244 | D:5      | Noticed a yak
  4250 | D:5      | Killed a yak
  4251 | D:5      | Reached skill level 7 in Axes
  4252 | D:5      | Killed a yak
  4257 | D:5      | Killed a yak
  4261 | D:5      | Killed a yak
  4262 | D:5      | Reached skill level 8 in Axes
  4262 | D:5      | Reached XP level 8. HP: 47/70 MP: 7/7
  4641 | D:5      | Reached *** piety under Trog
  4646 | D:5      | Reached skill level 9 in Axes
  5437 | D:6      | Reached XP level 9. HP: 68/79 MP: 8/8
  5779 | D:6      | Reached skill level 10 in Axes
  6192 | D:7      | Found the brooch of Shielding {Spirit SH+8}
  6550 | D:7      | Reached skill level 11 in Axes
  6669 | D:8      | Reached **** piety under Trog
  7559 | D:9      | Found a hazy altar of Hepliaklqana.
  7573 | D:9      | Reached XP level 10. HP: 78/88 MP: 9/9
  7597 | D:9      | Reached skill level 10 in Ranged Weapons
  7746 | D:9      | Noticed a deep elf pyromancer
  7749 | D:9      | Noticed a gargoyle
  7757 | D:10     | Entered Level 10 of the Dungeon
  7835 | D:9      | Noticed Pikel
  7859 | D:9      | Killed Pikel
  7860 | D:9      | Reached skill level 12 in Axes
  7962 | D:9      | Killed a gargoyle
  8060 | D:9      | Killed a deep elf pyromancer
  8518 | D:9      | Reached skill level 13 in Axes
  9224 | D:10     | Reached XP level 11. HP: 71/99 MP: 5/10
  9444 | D:10     | Found a hide-covered altar of Uskayaw.
  9588 | D:10     | Found a snail-covered altar of Cheibriados.
  9619 | D:10     | Found a sacrificial altar of Ru.
  9684 | D:11     | Found a staircase to the Lair.
  9730 | D:11     | Noticed Erica
  9737 | D:11     | Killed Erica
  9738 | D:11     | Reached skill level 10 in Fighting
  9924 | D:11     | Reached skill level 14 in Axes
  9974 | D:11     | Noticed Josephine
  9974 | D:11     | Josephine changed into Josephine the glowing shapeshifter
  9974 | D:11     | Noticed Josephine
 10014 | D:11     | Noticed Josephine
 10016 | D:11     | Josephine the elephant changed into Josephine the
                  | tarantella
 10016 | D:11     | Noticed Josephine (glowing shapeshifter)
 10024 | D:11     | Josephine the tarantella changed into Josephine the fire
                  | crab
 10024 | D:11     | Noticed Josephine (glowing shapeshifter)
 10026 | D:11     | Killed Josephine the fire crab
 10102 | D:10     | Killed from afar by a gargoyle

Illustrated notes

Levels and vault maps discovered:
D:1:      lightli_arrival_statue_moat, layout_basic, serial_co_window_serial,
          co_window_of_opportunity_a, co_window_paths_a, co_window_paths_a,
          co_window_paths_b, co_window_paths_b, co_window_paths_a,
          co_window_corner_a, co_window_of_opportunity_a, co_window_paths_b,
          co_window_corner_cb, co_window_broadway_c, co_window_paths_c,
          co_window_cross_3, co_window_broadway_b, co_window_corner_ca,
          co_window_paths_d, glass_columns_c
D:2:      layout_loops_ring
D:3:      layout_loops_cross, cheibrodos_ashenzari_chains
D:4:      minmay_diamond_boxcup, layout_loops_corners,
          hellmonk_okawaru_the_only_friend_you_need,
          minmay_temple_entry_antechambers, chequers_serial_rivers_micro_e
D:5:      layout_basic, due_unseen_surprise
D:6:      layout_cave_pods, roderic_serpentine_path
D:7:      layout_rooms
D:8:      layout_basic
D:9:      minmay_cornered_nines, layout_stronghold,
          nicolae_hepliaklqana_hazy_memory, minmay_liquid_box, uniq_pikel
D:10:     layout_roguey, nicolae_overflow_crystal_walls,
          mainiacjoe_overflow_two_lobes
D:11:     layout_rooms, lair_entry_dummy, orc_0_dummy, uniq_erica,
          uniq_josephine, uniq_psyche

Skill      XL: |  1  2  3  4  5  6  7  8  9 10 11 |
---------------+----------------------------------+-----
Ranged Weapons | 1 2 3 4 5 6 8 9 11 12 | 12.8
Axes           | 4 5 6 8 9 11 13 14 | 14.3
Fighting       | 4 5 6 7 8 9 10 | 10.6
Armour         | |  2.4
Dodging        | |  2.1

Action                     |  1- 3 |  4- 6 |  7- 9 | 10-12 || total
---------------------------+-------+-------+-------+-------++-------
  Melee: Hand axe          |    14 |       |       |       ||    14
         Headbutt          |     3 |     9 |    18 |    30 ||    60
         War axe           |     2 |    49 |   120 |    92 ||   263
         Trident           |     1 |       |       |       ||     1
         Punch             |       |       |     1 |     1 ||     2
         Battleaxe         |       |       |       |    59 ||    59
   Fire: Sling             |   101 |    37 |    26 |       ||   164
         Orcbow            |       |       |    69 |    48 ||   117
  Throw: Dart              |       |     2 |       |       ||     2
         Boomerang         |       |       |       |     4 ||     4
 Invoke: Berserk           |       |     2 |     2 |     6 ||    10
         Trog's Hand       |       |     1 |     3 |     4 ||     8
  Evoke: Wand              |       |       |       |     5 ||     5
    Use: Scroll            |     4 |     3 |    13 |     3 ||    23
 Armour: Animal skin       |    22 |    30 |       |       ||    52
         Chain mail        |       |     9 |   111 |    95 ||   215
         Plate armour      |       |       |       |    20 ||    20
  Dodge: Dodged            |    24 |    32 |    68 |    96 ||   220
  Block: Other             |       |       |       |    64 ||    64

Table legend: (Time is in decaauts)
 A = Elapsed time spent in this place.
 B = Non-inter-level travel time spent in this place.
 C = Inter-level travel time spent in this place.
 D = Time resting spent in this place.
 E = Time spent auto-exploring this place.
 F = Levels seen in this place.
 G = Mean time per level.
                   A        B        C        D        E       F      G
               +--------+--------+--------+--------+--------+-----+--------+
         Total |  10235 |  10070 |    165 |   1912 |   6417 |  11 |  930.5 |
       Dungeon |  10235 |  10070 |    165 |   1912 |   6417 |  11 |  930.5 |
               +--------+--------+--------+--------+--------+-----+--------+

Top non-repeatable levels by time:
     D:9: 1353 daAuts
     D:1: 1314 daAuts
     D:5: 1285 daAuts
     D:4: 1142 daAuts
    D:10: 939 daAuts
     D:8: 901 daAuts
     D:6: 893 daAuts
     D:3: 852 daAuts
     D:2: 673 daAuts
     D:7: 517 daAuts
    D:11: 361 daAuts
